 Dungeon Sprint DCSS version 0.29-a0-892-g2c4c91d9db (webtiles) character file.

Game seed: 16719587830471599471

2384 mhtbhm the Basher (level 9, 0/62 HPs)
             Began as a Gargoyle Fighter on July 23, 2022.
             Was an Initiate of Gozag.
             Shot with an arrow by a centaur warrior (16 damage)
             ... in the Dungeon (Sprint IX: "|||||||||||||||||||||||||||||").
             The game lasted 00:01:39 (731 turns).

mhtbhm the Basher (Gargoyle Fighter)                 Turns: 731, Time: 00:01:39

Health: 0/62       AC: 18    Str: 30    XL:     9   Next: 45%
Magic:  9/9        EV: 12    Int:  9    God:    Gozag
Gold:   495        SH:  6    Dex:  9    Spells: 8/8 levels left

rFire   . . .      SeeInvis .   a - +2 morningstar (vorpal)
rCold   . . .      Faith    .   c - +0 buckler
rNeg    + . .      Spirit   .   b - +2 ring mail
rPois   ∞          Reflect  .   (no helmet)
rElec   +          Harm     .   n - +0 cloak
rCorr   .          Rampage  .   m - +0 pair of gloves
Will    .....      NoTele   +   (no boots)
Stlth   ++........              (no amulet)
HPRegen 0.20/turn               o - +3 ring of strength
MPRegen 0.11/turn               p - +3 ring of strength

@: gold aura, invisible
A: sickness immunity, AC +6, negative energy resistance 1, electricity
resistance, torment resistance 1, petrification resistance
a: Renounce Religion, Potion Petition, Call Merchant, Bribe Branch


You were in the Dungeon.
You worshipped Gozag.
Gozag was aware of your devotion.
You visited 1 branch You collected 495 gold pieces.

Inventory:

Hand Weapons
 a - a +2 vorpal morningstar (weapon)
Armour
 b - a +2 ring mail (worn)
 c - a +0 buckler (worn)
 m - a +0 pair of gloves (worn)
 n - a +0 cloak (worn)
Jewellery
 o - a +3 ring of strength (left hand)
 p - a +3 ring of strength (right hand)
Wands
 l - a wand of roots (9)
Scrolls
 j - 2 scrolls of blinking
 k - 2 scrolls of amnesia
Potions
 h - 4 potions of magic


   Skills:
 + Level 10.0 Fighting
 + Level 12.7 Maces & Flails
 + Level 10.9 Armour
 + Level 5.2 Dodging
 + Level 4.2 Stealth
 + Level 10.3 Shields
 + Level 0.3 Evocations


You had 8 spell levels left.
You didn't know any spells.
Your spell library was empty.

Dungeon Overview and Level Annotations

Branches:
Dungeon (1/1)

Altars:
Cheibriados
Dithmenos
Elyvilon
Fedhas
Gozag
Hepliaklqana
Kikubaaqudgha
Makhleb
Nemelex Xobeh
Okawaru
Qazlal
Ru
Sif Muna
Trog
Uskayaw
Vehumet
Wu Jian
Xom
Yredelemnul
Zin
The Shining One
Jiyva
Lugonu


Innate Abilities, Weirdness & Mutations

You are immune to sickness and miasma.
Your stone body is resilient. (AC +6)
You are immune to poison.
You resist negative energy. (rN+)
You are resistant to electric shocks. (rElec)
You are resistant to unholy torment.
You are immune to petrification.


Message History

The stone arrow hits the wraith!!
Your Maces & Flails skill increases to level 12!
Your Dodging skill increases to level 5!
Your Stealth skill gained 2 levels and is now at level 4!
Your Shields skill increases to level 10!
Unknown command.
Unknown command.
You closely miss the wraith.
The wraith is severely damaged.
The wraith hits you.
* * * LOW HITPOINT WARNING * * *
The centaur warrior wields a +0 longbow.
The centaur warrior shoots an arrow.
The arrow closely misses the gargoyle.
The arrow hits the wraith!
The wraith is destroyed!
Unknown command.
You feel better.
The centaur warrior shoots an arrow.
The arrow completely misses the gargoyle.
The arrow hits you!
* * * LOW HITPOINT WARNING * * *
Unknown command.
You feel better. The gargoyle closely misses you.
You feel better. The gargoyle barely misses you.
The centaur warrior shoots an arrow.
The arrow hits the gargoyle!!
You puncture the gargoyle!
You destroy the gargoyle!
The centaur warrior shoots an arrow.
The arrow hits you!
* * * LOW HITPOINT WARNING * * *
Your Fighting skill increases to level 10!
The centaur warrior shoots an arrow.
You block the arrow.
The centaur warrior is distracted by your dazzling golden aura.
Items here: $ )) [.
Unknown command.
You feel better.
You barely miss the centaur warrior.
The centaur warrior is no longer distracted by gold.
The centaur warrior shouts!
The centaur warrior shoots an arrow.
The arrow hits you!
You die...
Your body crumbles into a pile of gold.

▓+▓
▓.▓
▓.▓
▓.▓
▓c▓
▓@▓
▓$▓
▓'▓
▓.▓
$
▓.▓
$
▓.▓
$ $
▓.▓
$
▓.▓
$
▓)▓


You could see a centaur warrior (unable to see you).

Vanquished Creatures
  A death knight (D)
  A manticore (D)
  3 gargoyles (D)
  2 wraiths (D)
  A vampire (D)
  2 steam dragons (D)
  A necrophage (D)
  A scorpion (D)
  A jelly (D)
  A hound (D)
  An orc (D)
  A ball python (D)
  2 endoplasms (D)
  A hobgoblin (D)
  A kobold (D)
20 creatures vanquished.

Vanquished Creatures (others)
  A wraith (D)
1 creature vanquished.

Grand Total: 21 creatures vanquished

Notes
Turn   | Place    | Note
-------+----------+-------------------------------------------
     0 | D        | mhtbhm the Gargoyle Fighter began the quest for the Orb.
     0 | D        | Reached XP level 1. HP: 14/14 MP: 1/1
    21 | D        | Noticed a necrophage
    21 | D        | Noticed a jelly
    21 | D        | Noticed a scorpion
    21 | D        | Noticed a hound
    24 | D        | Killed a hound
    25 | D        | Reached skill level 5 in Fighting
    25 | D        | Reached skill level 3 in Maces & Flails
    25 | D        | Reached XP level 2. HP: 21/21 MP: 2/2
    25 | D        | Reached XP level 3. HP: 26/26 MP: 3/3
    29 | D        | Killed a scorpion
    30 | D        | Reached skill level 5 in Shields
    30 | D        | Reached XP level 4. HP: 32/32 MP: 4/4
    32 | D        | Reached skill level 4 in Maces & Flails
    32 | D        | Reached XP level 5. HP: 37/37 MP: 5/5
    64 | D        | Reached skill level 5 in Maces & Flails
    64 | D        | Reached skill level 1 in Dodging
    71 | D        | Found a snail-covered altar of Cheibriados.
    71 | D        | Found a shadowy altar of Dithmenos.
    71 | D        | Found a white marble altar of Elyvilon.
    71 | D        | Found a blossoming altar of Fedhas.
    71 | D        | Found an opulent altar of Gozag.
    72 | D        | Found a hazy altar of Hepliaklqana.
    73 | D        | Found a viscous altar of Jiyva.
    74 | D        | Found an ancient bone altar of Kikubaaqudgha.
    75 | D        | Found a corrupted altar of Lugonu.
    76 | D        | Found a burning altar of Makhleb.
    77 | D        | Found a sparkling altar of Nemelex Xobeh.
    78 | D        | Found an iron altar of Okawaru.
    79 | D        | Found a stormy altar of Qazlal.
    80 | D        | Found a sacrificial altar of Ru.
    81 | D        | Found a shimmering blue altar of Sif Muna.
    85 | D        | Became a worshipper of Gozag Ym Sagoz the Greedy
    89 | D        | Found a bloodstained altar of Trog.
    90 | D        | Found a hide-covered altar of Uskayaw.
    91 | D        | Found a radiant altar of Vehumet.
    92 | D        | Found an ornate altar of the Wu Jian Council.
    93 | D        | Found a shimmering altar of Xom.
    94 | D        | Found a basalt altar of Yredelemnul.
    95 | D        | Found a glowing silver altar of Zin.
    96 | D        | Found a glowing golden altar of the Shining One.
   210 | D        | Noticed a gargoyle
   210 | D        | Noticed a vampire
   210 | D        | Noticed a wraith
   210 | D        | Noticed a wraith
   210 | D        | Noticed a steam dragon
   210 | D        | Noticed a steam dragon
   212 | D        | Killed a steam dragon
   213 | D        | Reached skill level 6 in Maces & Flails
   213 | D        | Reached XP level 6. HP: 44/44 MP: 6/6
   279 | D        | Killed a steam dragon
   280 | D        | Reached skill level 7 in Maces & Flails
   280 | D        | Reached XP level 7. HP: 16/49 MP: 7/7
   284 | D        | Killed a wraith
   285 | D        | Reached skill level 8 in Maces & Flails
   302 | D        | Killed a wraith
   307 | D        | Killed a vampire
   308 | D        | Reached skill level 9 in Maces & Flails
   308 | D        | Reached skill level 1 in Stealth
   308 | D        | Reached XP level 8. HP: 35/56 MP: 8/8
   313 | D        | Killed a gargoyle
   314 | D        | Reached skill level 10 in Maces & Flails
   314 | D        | Reached skill level 10 in Armour
   560 | D        | Noticed a centaur warrior
   560 | D        | Noticed a gargoyle
   560 | D        | Noticed a wraith
   560 | D        | Noticed a death knight
   560 | D        | Noticed a gargoyle
   560 | D        | Noticed a manticore
   709 | D        | Killed a manticore
   710 | D        | Reached skill level 11 in Maces & Flails
   712 | D        | Killed a gargoyle
   713 | D        | Reached XP level 9. HP: 30/62 MP: 9/9
   723 | D        | Killed a death knight
   724 | D        | Reached skill level 12 in Maces & Flails
   724 | D        | Reached skill level 5 in Dodging
   724 | D        | Reached skill level 10 in Shields
   728 | D        | Killed a gargoyle
   729 | D        | Reached skill level 10 in Fighting
   731 | D        | Shot with an arrow by a centaur warrior

Illustrated notes

Levels and vault maps discovered:
D:        linesprint [early_d, line_temple, items_1, d_10, items_2, lair_1,
          lair_end, items_3, orc_1, orc_end, items_4, d_15, swamp_1, shoals_1,
          snake_1, spider_1, d_20, vaults_1, items_5, swamp_end, shoals_end,
          snake_end, spider_end, vaults_end, d_27, items_6, zot_1, zot_end,
          crypt_end, forest_end, elf_end, slime_end, tomb_end, abyss_end,
          pan_hell_end]

Skill      XL: |  1  2  3  4  5  6  7  8  9 |
---------------+----------------------------+-----
Fighting       | 5 6 7 8 9 10 | 10.0
Maces & Flails | 3 4 6 7 9 11 12 | 12.7
Armour         | 4 6 8 9 10 | 10.9
Shields        | 4 5 6 7 8 9 10 | 10.3
Dodging        | 1 2 3 4 5 |  5.2
Stealth        | 1 2 4 |  4.2
Evocations     | |  0.3

Action                   |  1- 3 |  4- 6 |  7- 9 || total
-------------------------+-------+-------+-------++-------
Melee: Flail             |    17 |    33 |       ||    50
       Morningstar       |       |    10 |    45 ||    55
Evoke: Wand              |       |       |     1 ||     1
  Use: Potion            |     1 |       |    11 ||    12
 Stab: Distracted        |       |       |     1 ||     1
       Invisible         |       |       |     2 ||     2
Armor: Scale mail        |     5 |    18 |       ||    23
       Ring mail         |       |     7 |    16 ||    23
Dodge: Dodged            |     6 |    29 |    21 ||    56
Block: Buckler           |     3 |     9 |     7 ||    19

Table legend: (Time is in decaauts)
 A = Elapsed time spent in this place.
 B = Non-inter-level travel time spent in this place.
 C = Inter-level travel time spent in this place.
 D = Time resting spent in this place.
 E = Time spent auto-exploring this place.
 F = Levels seen in this place.
 G = Mean time per level.
                   A        B        C        D        E       F      G
               +--------+--------+--------+--------+--------+-----+--------+
         Total |    746 |    746 |      0 |    476 |      3 |   1 |  746.0 |
       Dungeon |    746 |    746 |      0 |    476 |      3 |   1 |  746.0 |
               +--------+--------+--------+--------+--------+-----+--------+

Top non-repeatable levels by time:
       D: 746 daAuts
